Unix NetHack Version 5.0.0-0 post-release - last build Jun 10 2026 00:39:30 (3ee93aec679c4c4259841fe613dc97188e26a321,branch:main).

Game began 2026-07-05 16:11:52, ended 2026-07-05 22:12:50.

Calendula, neutral female human Wizard

                       ---------                          -----------
   -------------       |.......|                         #..<.......|
   |.?...???+?+|      #........|################)#########|.........|
   |???.??.....|      #|.......|#                   ######+.........|
   |?.+?..+..?.|     ##|........#                   #     |.........|
   |.?.?.?...f@@##[### --|------#                   #     |.........|
   |.??.?+.?+.?|         ########      ------------ #     -----.-----
   -------------               #     ##-..>.%......##          #
                               #     # |..........|            #
                               #     # |....{.....|            #
                             ###    ## |.........^-###         ##
                             #----- #  |..........|             #
                             #|...| #  ------------             #
                             #....-##                        ---.-------
                              |...|                          |{........|
                              -----                          |........>|
                                                             -----------

Calendula the Conjurer    St:13 Dx:14 Co:14 In:17 Wi:10 Ch:8  Neutral
Dlvl:2  $:0  HP:0(39) Pw:49(64) AC:9  Xp:5 T:1725 

Latest messages:
 You kill the bat!
 Stash drops a scroll of blank paper.
 "Hello, Calendula!  Welcome again to Nenagh's second-hand bookstore!"
 There is an open door here.
 You see here a scroll of blank paper.
 z - a scroll of blank paper (2 in total).
 What do you want to use or apply? [cfgmsxD or ?*] ?
 What do you want to write on? [z or ?*] ?
 What do you want to write on? [z or ?*] z
 What type of scroll do you want to write? genocide
 You don't know how to write that.
 You write "Calendula was here!" and the scroll disappears.
 What do you want to use or apply? [cfgmsxD or ?*] ?
 What do you want to write on? [z or ?*] z
 What type of scroll do you want to write? enchant weapon
 O - a scroll of enchant weapon.
 What do you want to read? [fiO or ?*] O
 As you read the scroll, it disappears.
 Your quarterstaff glows blue for a moment.
 You swap places with Ginger.
 You hear water falling on coins.
 "Hello, Calendula!  Welcome again to Nenagh's second-hand bookstore!"
 In what direction? 7
 The spell hits the gas spore!
 You kill the gas spore!
 Boom!
 Nenagh is caught in the gas spore's explosion!
 Nenagh gets angry!
 Nenagh zaps a hexagonal wand!
 Boing!
 The wand hits Ginger!
 Ginger is killed!
 You see here a hooded cloak.
 You hear water falling on coins.
 You see here a hooded cloak.
 "So, Calendula, you dare return to Nenagh's second-hand bookstore?!"
 Nenagh hits!
 Nenagh hits again!
 Talk to whom? (in what direction) 4
 Nenagh mentions how much he dislikes rude customers.
 Stash drops an uncursed scroll of amnesia.
 Nenagh hits!
 Nenagh hits again!
 You die...
 Nenagh takes all your possessions.
 Do you want to see what you had when you died? [ynq] (y) y
 Do you want to see your attributes? [ynq] (y) y
 Do you want an account of creatures vanquished? [ynaq] (y) y
 Do you want to see your conduct and achievements? [ynq] (y) y
 Do you want to see the dungeon overview? [ynq] (y) q

Inventory:
 Weapons  (')')
  l - 7 cursed -2 shuriken
  G - a +0 elven dagger
  a - a blessed +3 quarterstaff (weapon in hands)
 Armor    ('[')
  b - an uncursed +0 cloak of magic resistance (being worn)
 Comestibles  ('%')
  r - a cursed fortune cookie
 Scrolls  ('?')
  i - an uncursed scroll of scare monster
 Spellbooks  ('+')
  f - an uncursed spellbook of force bolt
 Potions  ('!')
  v - an uncursed potion of extra healing
  g - an uncursed potion of oil
 Rings    ('=')
  e - an uncursed ring of cold resistance (on right hand)
  d - an uncursed ring of warning (on left hand)
 Wands    ('/')
  x - a wand of digging (0:5)
  c - a wand of stasis (0:6)
 Tools    ('(')
  D - an uncursed blindfold
  m - a magic marker (1:11)
  s - a cursed skeleton key

Calendula the Wizard's attributes:

Background:
 You were a Conjurer, a level 5 female human Wizard.
 You were neutral, nominally on a mission for Thoth
 who was opposed by Ptah (lawful) and Anhur (chaotic).
 You were right-handed.
 You were in the Dungeons of Doom, on level 2.
 You entered the dungeon 1725 turns ago.
 It was nighttime.
 You had 190 experience points, 130 more were needed to attain level 6.

Basics:
 You had 0 out of 39 hit points.
 You had 49 out of 64 energy points (spell power).
 Your armor class was 9.
 Your wallet was empty.
 Autopickup was off.

Final Characteristics:
 Your strength was 13 (limit:18/100).
 Your dexterity was 14 (limit:18).
 Your constitution was 14 (limit:18).
 Your intelligence was 17 (limit:18).
 Your wisdom was 10 (limit:18).
 Your charisma was 8 (limit:18).

Final Status:
 You weren't hungry.
 You were unencumbered.
 You were wielding a quarterstaff.
 You had basic skill with quarterstaff.

Final Attributes:
 You were devoutly aligned.
 You were magic-protected.
 You were cold resistant.
 Your items were protected from cold.
 You were telepathic.
 You were warned.
 You were warded.
 You are dead.

Miscellaneous:
 You didn't encounter any bones levels.
 Total elapsed playing time was 45 minutes and 49 seconds.

Major events:
 Turn
    1: Calendula the neutral female human Wizard entered the dungeon
  716: attained the rank of Conjurer (level 3)
 1725: killed by Mr. Nenagh; the shopkeeper

Spells:
 Name                 Level Category     Fail Retention
 force bolt             1   attack         0%  91%-100%
 cure sickness          3   healing       88%  76%-100%
 haste self             3   escape        88%  76%-100%
 stone to flesh         3   healing       88%  76%-100%

Skills:
 Fighting Skills
   bare handed combat [Unskilled]
   riding             [Unskilled]
 Weapon Skills
   dagger             [Unskilled]
   knife              [Unskilled]
   axe                [Unskilled]
   short sword        [Unskilled]
   club               [Unskilled]
   mace               [Unskilled]
   quarterstaff       [Basic]
   polearms           [Unskilled]
   spear              [Unskilled]
   trident            [Unskilled]
   sling              [Unskilled]
   dart               [Unskilled]
   shuriken           [Unskilled]
 Spellcasting Skills
   attack spells      [Basic]
   healing spells     [Unskilled]
   divination spells  [Unskilled]
   enchantment spells [Basic]
   clerical spells    [Unskilled]
   escape spells      [Unskilled]
   matter spells      [Unskilled]

Voluntary challenges:
 Character rerolling was not enabled.
 You were an atheist.
 You never genocided any monsters.
 You never polymorphed an object.
 You never changed form.
 You used no wishes.
Achievements:
 You attained the rank of Conjurer.
 You entered a shop.

 The Dungeons of Doom: levels 1 to 3
    Level 1:
    Level 2: <- You were here.
       A scroll shop, a fountain, a sink.
       Final resting place for
          you, killed by Mr. Nenagh; the shopkeeper.
    Level 3:


Vanquished creatures:
  a giant mimic
  a small mimic
  a shrieker
  2 floating eyes
  a kitten
 an iguana
  a gas spore
  2 hobbits
  a giant rat
  2 brown molds
  2 jackals
  2 kobolds
  6 sewer rats
 10 grid bugs
  a bat
  5 lichens
  2 kobold zombies
  3 newts
44 creatures vanquished.

No species were genocided or became extinct.

Game over:
                       ----------
                      /          \
                     /    REST    \
                    /      IN      \
                   /     PEACE      \
                  /                  \
                  |    Calendula     |
                  |       0 Au       |
                  |  killed by Mr.   |
                  |   Nenagh; the    |
                  |    shopkeeper    |
                  |                  |
                  |       2026       |
                 *|     *  *  *      | *
        _________)/\\_//(\/(/\)/\//\/|_)_______

Goodbye Calendula the Wizard...

You died in The Dungeons of Doom on dungeon level 2 with 880 points,
and 0 pieces of gold, after 1725 moves.
You were level 5 with a maximum of 39 hit points when you died.

